 Dungeon Crawl Stone Soup version 0.24-a0-584-g9d6b971ae4 (webtiles) character file.

Game seed: 2604838056358715730, levelgen mode: deterministic

51 BigAxe the Firebug (level 4, -1/30 HPs)
             Began as a Human Fire Elementalist on Sept 5, 2019.
             Slain by an ooze (4 damage)
             ... on level 2 of the Dungeon.
             The game lasted 00:13:19 (1982 turns).

BigAxe the Firebug (Human Fire Elementalist)        Turns: 1982, Time: 00:13:20

Health: -1/30      AC:  2    Str:  9    XL:     4   Next: 5%
Magic:  0/7        EV: 12    Int: 16    God:
Gold:   46         SH:  0    Dex: 13    Spells: 4/7 levels left

rFire    . . .     SeeInvis .   d - +0 short sword
rCold    . . .     Gourm    .   (no shield)
rNeg     . . .     Faith    .   a - +0 robe
rPois    .         Spirit   .   (no helmet)
rElec    .         Reflect  .   (no cloak)
rCorr    +         Harm     .   (no gloves)
MR       .....                  (no boots)
Stlth    ++........             g - amulet of the acrobat
HPRegen  0.10/turn              i - ring of resist corrosion
MPRegen  0.10/turn              (no ring)

@: no status effects
A: no striking features
a: no special abilities


You were on level 2 of the Dungeon.
You were near starving.

You visited 1 branch of the dungeon, and saw 2 of its levels.

You collected 46 gold pieces.

Inventory:

Hand Weapons
 d - a +0 short sword (weapon)
Armour
 a - a +0 robe (worn)
Jewellery
 g - an amulet of the acrobat (around neck)
 i - a ring of resist corrosion (left hand)
Scrolls
 h - a scroll of remove curse {unknown}
Potions
 b - a potion of agility {unknown}
 e - a potion of might
 f - a potion of heal wounds {unknown}
Comestibles
 c - a ration


   Skills:
 + Level 2.3 Dodging
 + Level 2.1 Stealth
 + Level 2.4 Spellcasting
 + Level 1.8 Conjurations
 + Level 3.6 Fire Magic


You had 4 spell levels left.
You knew the following spells:

 Your Spells              Type           Power        Failure   Level  Hunger
a - Flame Tongue          Conj/Fire      ##...        6%          1    #......
b - Throw Flame           Conj/Fire      ##....       10%         2    ###....

Your spell library contained the following spells:

 Spells                   Type           Power        Failure   Level  Hunger
 Conjure Flame            Conj/Fire      ##......     19%         3    ###....
 Inner Flame              Hex/Fire       #.......     28%         3    ###....
 Sticky Flame             Conj/Fire      ##......     54%         4    #####..
 Fireball                 Conj/Fire      ##........   87%         5    ######.


Dungeon Overview and Level Annotations

Branches:
Dungeon (2/15)

Altars:


Message History

The worm is heavily wounded.
The ooze misses you.
You hit the worm.
The worm is severely wounded.
The ooze misses you. The worm bites you.
* * * LOW HITPOINT WARNING * * *
You hit the worm.
The worm is severely wounded.
The ooze misses you. The worm misses you.
Casting: Flame Tongue (safe; 6% risk of failure)
Confirm with . or Enter, or press ? or * to list all spells.
Aiming: Flame Tongue (safe; 6% risk of failure)
Press: ? - help, Shift-Dir - straight line, f/p - worm
Aim: a worm (heavily wounded)
The flame tongue hits the worm!
You kill the worm!
You have reached level 4!
You feel stronger. The ooze hits you.
You die...

# . ##. #.# ## #.# .#
######## #.# .#
#.....(# #J#
.###..#.#.## #@#
.....###...# ##.##
.###..#.#..# #...# .#
#.......# #.).#
.#####..##.####...##
.............#.....#
.<..##...#.###.#.#.# .
....##...####..#†#..#
....
.......####...##.##...
....


You could see an ooze.

Vanquished Creatures
  An adder (D:2)
  A gnoll (D:1)
  2 worms (D:2)
  A leopard gecko (D:2)
  A giant cockroach (D:1)
  3 goblins (D:1)
  2 hobgoblins (D:1)
  4 jackals (D:1)
  3 kobolds
  A bat (D:1)
  2 frilled lizards
  5 rats
26 creatures vanquished.

Notes
Turn   | Place    | Note
-------+----------+-------------------------------------------
     0 | D:1      | BigAxe the Human Fire Elementalist began the quest for the
                  | Orb.
     0 | D:1      | Reached XP level 1. HP: 13/13 MP: 3/3
   290 | D:1      | Reached XP level 2. HP: 19/19 MP: 1/5
   342 | D:1      | Learned a level 2 spell: Throw Flame
   919 | D:1      | Reached XP level 3. HP: 13/24 MP: 0/6
  1982 | D:2      | Reached XP level 4. HP: 3/30 MP: 0/7
  1982 | D:2      | Slain by an ooze

Levels and vault maps discovered:
D:1:      minmay_arrival_glassed_features, layout_loops_ring,
          minmay_misc_feat_cross
D:2:      minmay_general_purpose_star, layout_loops_cross

Action                   |  1- 3 |  4- 6 || total
-------------------------+-------+-------++-------
Melee: Unarmed           |     3 |       ||     3
       Short sword       |    21 |       ||    21
 Cast: Flame Tongue      |    32 |     1 ||    33
       Throw Flame       |    17 |       ||    17
  Use: Scroll            |     2 |       ||     2
  Eat: Ration            |     1 |       ||     1
Armor: Robe              |     9 |       ||     9
Dodge: Dodged            |    52 |       ||    52

Table legend:
 A = Non-vault XP
 B = Vault XP
 C = Vault XP percentage of total XP
 D = Non-vault monster count
 E = Vault monster count
 F = Vault count percentage of total count
                 A         B        C        D         E       F
            +---------+---------+-------+---------+---------+-------
      Total |      62 |      11 |  15.1 |      23 |       3 |  11.5
            +---------+---------+-------+---------+---------+-------
        D:1 |      43 |       0 |   0.0 |      19 |       0 |   0.0
        D:2 |      19 |      11 |  36.7 |       4 |       3 |  42.9
            +---------+---------+-------+---------+---------+-------
